 Dungeon Crawl Stone Soup version 0.28.0-53-g5a82cb258f (webtiles) character file.

Game seed: 5064392398435058449

53 styxcanada the Sneak (level 3, -7/18 HPs)
             Began as a Spriggan Brigand on Aug 12, 2022.
             Killed from afar by Natasha (10 damage)
             ... with a magic dart
             ... on level 2 of the Dungeon.
             The game lasted 00:06:02 (1031 turns).

styxcanada the Sneak (Spriggan Brigand)             Turns: 1031, Time: 00:06:03

Health: -7/18      AC:  3    Str:  7    XL:     3   Next: 64%
Magic:  4/4        EV: 17    Int: 12    God:
Gold:   75         SH:  0    Dex: 18    Spells: 2/2 levels left

rFire   . . .      SeeInvis +   a - +2 dagger
rCold   . . .      Faith    .   (no shield)
rNeg    . . .      Spirit   .   b - +0 robe
rPois   .          Reflect  .   (helmet restricted)
rElec   .          Harm     .   c - +0 cloak
rCorr   .          Rampage  .   (gloves unavailable)
Will    .....                   (boots unavailable)
Stlth   ++++......              (no amulet)
HPRegen 0.06/turn               (no ring)
MPRegen 0.09/turn               (no ring)

@: lethally poisoned (-7 -> -8), very quick
A: very small, no large weapons, unfitting armour, see invisible, speed 3
a: no special abilities


You were on level 2 of the Dungeon.
You visited 1 branch of the dungeon, and saw 2 of its levels.

You collected 75 gold pieces.

Inventory:

Hand Weapons
 a - a +2 dagger (weapon)
Missiles
 f - 63 stones (quivered)
Armour
 b - a +0 robe (worn)
 c - a +0 cloak (worn)
Jewellery
 i - a ring of fire
Scrolls
 g - a scroll of acquirement {unknown}
 h - 3 scrolls of fog {unknown}
 j - 2 scrolls of teleportation {unknown}
 l - a scroll of brand weapon {unknown}
Potions
 d - a potion of flight {unknown}
 k - 2 potions of haste {unknown}


   Skills:
 + Level 1.8 Fighting
 + Level 2.7 Short Blades
 + Level 2.2 Throwing
 + Level 1.9 Dodging
 + Level 7.1 Stealth


You had 2 spell levels left.
You didn't know any spells.
Your spell library was empty.

Dungeon Overview and Level Annotations

Branches:
Dungeon (2/15)

Altars:

Annotations:
D:2 Natasha


Innate Abilities, Weirdness & Mutations

You are very small and have problems with some larger weapons.
You are too small for most types of armour.
You have supernaturally acute eyesight. (SInv)
You cover ground extremely quickly. (Speed+++)


Message History

Throw: 64 stones
Press: ? - help, Q - select action Shift-Dir - straight line, f/p - adder
Aim: an adder (44% to hit)
You throw a stone. The stone hits the adder.
The adder is lightly wounded.
The adder misses you.
You hit the adder.
The adder is heavily wounded.
The adder barely misses you.
You hit the adder but do no damage.
The adder is heavily wounded.
The adder misses you.
You hit the adder.
The adder is severely wounded.
The adder bites you.
You hit the adder but do no damage.
The adder is severely wounded.
The adder closely misses you.
You hit the adder.
The adder is almost dead.
The adder bites you.
You are poisoned.
The adder poisons you!
Natasha casts a spell.
You closely miss the adder.
The adder is almost dead.
You feel sick. The adder misses you.
You closely miss the adder.
The adder is almost dead.
You feel sick. The adder closely misses you. The adder bites you.
* * * LOW HITPOINT WARNING * * *
You hit the adder but do no damage.
The adder is almost dead.
You feel sick.
A rat comes into view.
The adder barely misses you.
Natasha stares at you and mumbles some strange words.
The magic dart hits you!
Ouch! That really hurt!
You die...

#(..S(h....#######
#.########..((..JJ
#.# #.######. #.#
#.# #( #.# #.#
###h #(# #.# #...
#h# ... #... #S#
... #..J #@# ...
#.... #...h.r..
#...( ######...
#.#.# ...# #..#


You could see Natasha, an adder, a jackal and a rat (wandering).

Vanquished Creatures
  An adder (D:2)
  6 endoplasms (D:1)
  4 giant cockroaches (D:1)
  2 goblins (D:1)
  6 hobgoblins
  5 jackals
  3 ball pythons
  5 bats (D:1)
  A frilled lizard (D:1)
  4 kobolds (D:1)
  A rat (D:1)
38 creatures vanquished.

Notes
Turn   | Place    | Note
-------+----------+-------------------------------------------
     0 | D:1      | styxcanada the Spriggan Brigand began the quest for the
                  | Orb.
     0 | D:1      | Reached XP level 1. HP: 10/10 MP: 2/2
    29 | D:1      | Reached skill level 6 in Stealth
    61 | D:1      | You fall into a shaft and drop 1 floor!
    78 | D:2      | Reached XP level 2. HP: 14/14 MP: 3/3
   443 | D:1      | Reached XP level 3. HP: 17/18 MP: 4/4
   444 | D:1      | Reached skill level 7 in Stealth
   496 | D:1      | Found a faded altar of an unknown god.
  1022 | D:2      | Noticed Natasha
  1031 | D:2      | Killed from afar by Natasha

Illustrated notes

Levels and vault maps discovered:
D:1:      lemuel_arrival_hallway, layout_basic, ebering_ecumenical_altar_rust,
          nrook_campfire, minmay_pentomino_s4
D:2:      layout_basic, grunt_decor_mini_mirrors, minmay_splitting_lines,
          minmay_tiny_reverse_x, uniq_natasha

Skill      XL: |  1  2  3 |
---------------+----------+-----
Stealth        | 6 7 |  7.1
Fighting       | |  1.8
Short Blades   | |  2.7
Throwing       | |  2.2
Dodging        | |  1.9

Action                   || total
-------------------------++-------
Melee: Dagger            ||    95
       Punch             ||     2
Throw: Dart              ||    32
       Stone             ||     2
 Stab: Sleeping          ||     8
Armor: Robe              ||    14
Dodge: Dodged            ||    67
